 Dungeon Crawl Stone Soup version 0.22.1-1-ga44c0e5 (webtiles) character file.

384 Starchild the Conjurer (level 6, -15/41 HPs)
             Began as a Barachi Wizard on Oct 22, 2018.
             Killed from afar by Dowan (20 damage)
             ... with a stone arrow
             ... on level 5 of the Dungeon.
             The game lasted 00:22:53 (4411 turns).

Starchild the Conjurer (Barachi Wizard)             Turns: 4411, Time: 00:22:54

Health: -15/41     AC:  3    Str:  8    XL:     6   Next: 77%
Magic:  4/12       EV: 12    Int: 21    God:
Gold:   150        SH:  0    Dex: 10    Spells: 1/13 levels left

rFire    . . .     SeeInvis .   l - +0 short sword
rCold    . . .     Gourm    .   (no shield)
rNeg     . . .     Faith    .   a - +0 robe
rPois    .         Spirit   .   h - +0 helmet
rElec    .         Reflect  .   (no cloak)
rCorr    .         Harm     .   (no gloves)
MR       .....                  (no boots)
Stlth    +.........             (no amulet)
HPRegen  0.13/turn              (no ring)
MPRegen  0.13/turn              (no ring)

@: drained, slow
A: +LOS, swims, slowness 1, strong legs 1
a: Hop


You were on level 5 of the Dungeon.
You were very hungry.

You visited 1 branch of the dungeon, and saw 5 of its levels.

You collected 150 gold pieces.

Inventory:

Hand Weapons
 f - a +0 club
 l - a +0 short sword (weapon)
Missiles
 k - 85 stones
 r - 7 tomahawks (quivered)
Armour
 a - a +0 robe (worn)
 b - a +0 hat
 h - a +0 helmet (worn)
Wands
 p - a wand of iceblast (7)
Scrolls
 j - a scroll of random uselessness {unknown}
 m - a scroll of identify
 n - 2 scrolls of remove curse
 o - a scroll of teleportation
 q - a scroll of enchant weapon {unknown}
 t - a scroll of magic mapping {unknown}
Potions
 c - a potion of lignification {unknown}
 e - a potion of agility {unknown}
 g - 2 potions of brilliance {unknown}
 i - 2 potions of curing
 u - a potion of mutation {unknown}
 v - a potion of might {unknown}
Comestibles
 d - 7 rations


   Skills:
 - Level 2.1(1.2) Dodging
 - Level 1.7(0.8) Stealth
 - Level 4.2(3.2) Spellcasting
 + Level 4.9(3.8) Conjurations
 - Level 4.5(3.5) Summonings
 * Level 2.2(1.2) Translocations


You had one spell level left.
You knew the following spells:

 Your Spells              Type           Power        Failure   Level  Hunger
a - Magic Dart            Conj           ###.         2%          1    None
b - Blink                 Tloc           N/A          12%         2    ##.....
c - Call Imp              Summ           ###.....     4%          2    ##.....
d - Slow                  Hex            #.......     21%         2    ##.....
e - Mephitic Cloud        Conj/Pois/Air  #.......     22%         3    ###....
f - Swiftness             Chrm/Air       #.......     21%         2    ##.....

Your spell library contained the following spells:

 Spells                   Type           Power        Failure   Level  Hunger
 Shock                    Conj/Air       ##..         6%          1    None
 Conjure Flame            Conj/Fire      ##......     17%         3    ###....
 Static Discharge         Conj/Air       ##......     17%         3    ###....
 Airstrike                Air            #.........   78%         4    ####...
 Lightning Bolt           Conj/Air       ##........   85%         5    ######.


Dungeon Overview and Level Annotations

Branches:
Dungeon (5/15)
 Temple: D:4-7

Altars:
Gozag
Uskayaw

Annotations:
D:4 2 transporters
D:5 Dowan


Innate Abilities, Weirdness & Mutations

Shadows flee at your approach. (+LOS)
You can swim through water.
You cover ground slowly.
You can hop short distances.


Message History

Dowan is heavily wounded.
Dowan hits you with a dagger of draining.
You feel drained. Dowan barely misses you.
Casting: Magic Dart (safe; 2% risk of failure)
Confirm with . or Enter, or press ? or * to list all spells.
Aiming: Magic Dart (safe; 2% risk of failure)
Press: ? - help, Shift-Dir - straight line, f/p - Dowan
Aim: Dowan, wielding a dagger of draining and wearing a robe (heavily wounded, The magic dart hits Dowan.
Dowan is severely wounded.
Dowan points at you and mumbles some strange words.
The stone arrow hits you!
Your crimson imp blinks!
Dowan gestures at you while chanting. The shard of ice hits you!
* * * LOW HITPOINT WARNING * * *
Dowan says, "How can I live without her?"
Dowan gestures at you while chanting. The stone arrow hits you!
You die...

#.##. #. #.#
#.#.# #.#
#...'#### +.#
#.#
#/...Ke##....##
#)# #o5........
#.# #e#####.###
#<# #.#
#e########.#
#..@..5.5[.#
############


You could see Dowan and 2 friendly crimson imps.

Vanquished Creatures
  Duvessa (D:5)
  A bullfrog (D:4)
  An orc wizard (D:5)
  3 adders
  An ooze (D:2)
  4 leopard geckos
  An orc (D:3)
  5 giant cockroaches
  4 goblins
  7 hobgoblins
  2 jackals (D:1)
  3 quokkas
  2 ball pythons
  7 bats
  4 frilled lizards
  3 kobolds
  A quokka skeleton (D:4)
  7 rats
57 creatures vanquished.

Vanquished Creatures (collateral kills)
  An ogre (D:4)
  A bullfrog skeleton (D:4)
  2 worker ants
  An iguana (D:4)
  An adder (D:4)
  A shadow imp (D:5)
  A worm (D:2)
  A bat (D:2)
  A kobold (D:5)
10 creatures vanquished.

Grand Total: 67 creatures vanquished

Notes
Turn   | Place    | Note
-------+----------+-------------------------------------------
     0 | D:1      | Starchild the Barachi Wizard began the quest for the Orb.
     0 | D:1      | Reached XP level 1. HP: 13/13 MP: 4/4
   227 | D:1      | Reached XP level 2. HP: 18/19 MP: 3/6
   231 | D:1      | Learned a level 2 spell: Blink
   234 | D:1      | Learned a level 2 spell: Call Imp
   237 | D:1      | Learned a level 2 spell: Slow
   840 | D:2      | Reached XP level 3. HP: 19/24 MP: 0/8
  1033 | D:2      | Found a hide-covered altar of Uskayaw.
  1351 | D:2      | Learned a level 3 spell: Mephitic Cloud
  1951 | D:2      | Found an opulent altar of Gozag.
  2399 | D:3      | Reached XP level 4. HP: 27/30 MP: 0/10
  3336 | D:4      | Reached XP level 5. HP: 34/35 MP: 3/11
  3403 | D:4      | Noticed an ogre
  3417 | D:4      | Killed an ogre
  3522 | D:4      | Found a transporter.
  3535 | D:4      | Learned a level 2 spell: Swiftness
  3678 | D:4      | Reached XP level 6. HP: 12/41 MP: 3/12
  3981 | D:4      | Found a transporter.
  4149 | D:5      | Entered Level 5 of the Dungeon
  4163 | D:5      | Noticed Duvessa
  4163 | D:5      | Noticed Dowan
  4184 | D:5      | Killed Duvessa
  4411 | D:5      | Killed from afar by Dowan

Skill      XL: |  1  2  3  4  5  6 |
---------------+-------------------+-----
Spellcasting   | 4 |  4.2
Conjurations   | 2 3 4 |  4.9
Summonings     | 2 4 |  4.5
Translocations | 2 |  2.2
Dodging        | |  2.1
Stealth        | |  1.7

Action                   |  1- 3 |  4- 6 || total
-------------------------+-------+-------++-------
Melee: Unarmed           |    13 |       ||    13
       Club              |    21 |       ||    21
       Short sword       |    19 |    15 ||    34
Throw: Tomahawk          |       |     2 ||     2
 Cast: Magic Dart        |   113 |    69 ||   182
       Call Imp          |     4 |    24 ||    28
       Blink             |     2 |       ||     2
       Mephitic Cloud    |     1 |       ||     1
 Abil: Hop               |     3 |       ||     3
Evoke: Wand              |       |     2 ||     2
  Use: Potion            |     2 |       ||     2
       Scroll            |       |     3 ||     3
  Eat: Chunk             |     2 |     6 ||     8
       Ration            |     1 |       ||     1
Armor: Robe              |    34 |     7 ||    41
Dodge: Dodged            |    83 |    34 ||   117
